 Dungeon Sprint DCSS version 0.31-a0-702-gf82c85558f (webtiles) character file.

Game seed: 15195501533362820052

206 sircluck the Ruffian (level 5, -2/85 (88) HPs)
             Began as a Troll Berserker on Sept 8, 2023.
             Was a Priest of Trog.
             Slain by a soul eater (21 damage)
             ... summoned by a kobold demonologist
             ... in the Dungeon (Sprint III: "The Ten Rune Challenge").
             The game lasted 00:00:46 (190 turns).

sircluck the Ruffian (Troll Berserker)               Turns: 190, Time: 00:00:47

HP:   -2/85 (88)    AC:  4    Str: 26    XL:     5   Next: 53%
MP:   4/4           EV: 12    Int:  2    God:    Trog [***...]
Gold: 10            SH:  0    Dex: 13    Spells: 4/4 levels left

rFire   + .          .
                       - Unarmed
rCold   . . .        (no shield)
rNeg    . . .        a - +0 animal skin
rPois   .            (helmet restricted)
rElec   .            (no cloak)
rCorr   .            (gloves unavailable)
SInv    .            (boots unavailable)
Will    .....        (no amulet) Stlth
                     (no ring)
HPRegen 1.14/turn    (no ring)
MPRegen 0.09/turn

%: no teleportation
@: berserking, lightly drained, very quick
A: large, unfitting armour, claws 3, regeneration 1, shaggy fur 1, tough skin 1,
agile 1, fire resistance 1, sense surroundings 1
a: Renounce Religion, Berserk, Trog's Hand


You were in the Dungeon.
You worshipped Trog.
Trog was most pleased with you.
You visited 1 branch You collected 10 gold pieces.

Inventory:

Armour
 a - a +0 animal skin (worn)
Wands
 l - a wand of paralysis (9)
Scrolls
 g - a scroll of blinking
 h - 5 scrolls of identify
 j - 4 scrolls of immolation {unknown}
Potions
 b - a potion of curing
 c - a potion of heal wounds
 d - a potion of haste
 e - 2 potions of magic
 f - a potion of berserk rage
 i - 4 potions of mutation
 k - 3 potions of enlightenment


   Skills:
 + Level 6.1 Fighting
 + Level 6.0 Dodging
 + Level 7.3 Unarmed Combat


You had 4 spell levels left.
You didn't know any spells.
Your spell library was empty.

Dungeon Overview and Level Annotations

Branches:
Dungeon (1/1)

Altars:
Dithmenos
Kikubaaqudgha
Ru
Sif Muna
Vehumet
Yredelemnul


Innate Abilities, Weirdness & Mutations

You are too large for most types of armour.
You have claws for hands.
Your natural rate of healing is unusually fast.
You are covered in fur. (AC +1)
You have tough skin. (AC +1)
You are agile. (Dex +4, Str/Int -1)
Your flesh is heat resistant. (rF+)
You passively map a small area around you.


Message History

The wizard blinks!
There is an open door here.
You scratch the soul eater but do no damage.
The kobold demonologist casts a spell.
The wizard gestures wildly while chanting.
The wizard flickers and vanishes!
Deactivating autopickup; reactivate with Ctrl-A.
You closely miss the soul eater. The soul eater hits you!
The kobold demonologist gestures wildly while chanting.
You claw the soul eater!
The soul eater is lightly wounded.
The quasit disappears in a puff of smoke!
The soul eater hits you!!
You scratch the soul eater.
The soul eater is moderately wounded.
The kobold demonologist casts a spell.
The white imp barely misses you. The soul eater hits you.
You feel drained.
You are too injured to fight recklessly!
You are too injured to fight recklessly!
You are too injured to fight recklessly!
You are too injured to fight recklessly!
You are too injured to fight recklessly!
You are too injured to fight recklessly!
You are too injured to fight recklessly!
You are too injured to fight recklessly!
Unknown command.
A red film seems to cover your vision as you go berserk!
You feel yourself moving faster!
You feel mighty!
You can no longer call in reinforcements.
The white imp lashes its tail.
The white imp barely misses you. The soul eater hits you!!
* * * LOW HITPOINT WARNING * * *
You mangle the white imp!!
You kill the white imp!
The white imp disappears in a puff of smoke!
The kobold demonologist casts a spell.
Something hits you.
* * * LOW HITPOINT WARNING * * *
The soul eater hits you!!
You die...

.#......#####..#__ *_ #__#
##.....).#..#..# _ #._# ,
.##.##...#..#..###+#+###)##,
.##.###..##'#..#..........#,
,
####.##..###...'.⌠........#
, *
##..##.†####...#...######+#
** .†..##..###....#.⌠.#_ , ,
#..##...##.....#...# _ *,
..##....#..†...#@### * * ~
.###..##.#.....#35K# *, +,
,, .# #..#####....#543# ▓▓
▓▓▓▓ ▓▓▓▓▓▓▓▓▓▓* ~ ~ * ** ,
, ,, ~ ~~** ~ ~ + ~ ~~ ~ *


You could see 2 soul eaters, a kobold demonologist, a chaos spawn (summoned), a
quasit (summoned) and a white imp (summoned).

Vanquished Creatures
  A necrophage (D)
  A water elemental (D)
  Jessica (D)
  A necromancer (D)
  A human (D)
  A wolf (D)
  3 rats (D)
9 creatures vanquished.

Notes
Turn   | Place    | Note
-------+----------+-------------------------------------------
     0 | D        | sircluck the Troll Berserker began the quest for the Orb.
     0 | D        | Reached XP level 1. HP: 22/22 MP: 0/0
    25 | D        | Noticed Jessica
    32 | D        | Killed Jessica
    32 | D        | Reached ** piety under Trog
    33 | D        | Reached skill level 4 in Unarmed Combat
    33 | D        | Reached XP level 2. HP: 31/32 MP: 1/1
    62 | D        | Reached XP level 3. HP: 32/39 MP: 2/2
    78 | D        | Reached *** piety under Trog
    79 | D        | Reached skill level 5 in Unarmed Combat
    95 | D        | Gained mutation: You passively map a small area around you.
                  | [potion of mutation]
    95 | D        | Gained mutation: You have hidden genetic potential. [potion
                  | of mutation]
   100 | D        | Noticed a water elemental
   104 | D        | Killed a water elemental
   105 | D        | Reached skill level 5 in Fighting
   105 | D        | Reached skill level 5 in Dodging
   105 | D        | Reached skill level 6 in Unarmed Combat
   105 | D        | Reached XP level 4. HP: 50/50 MP: 3/3
   110 | D        | Gained mutation: Your flesh is heat resistant. (rF+)
                  | [hidden potential]
   148 | D        | Found a basalt altar of Yredelemnul.
   148 | D        | Found a shadowy altar of Dithmenos.
   148 | D        | Found a sacrificial altar of Ru.
   148 | D        | Noticed a necrophage
   153 | D        | Killed a necrophage
   154 | D        | Reached skill level 7 in Unarmed Combat
   154 | D        | Reached XP level 5. HP: 52/59 MP: 4/4
   158 | D        | Reached **** piety under Trog
   180 | D        | Gained mutation: You are agile. (Dex +4, Str/Int -1)
                  | [hidden potential]
   180 | D        | Lost mutation: You have hidden genetic potential. [hidden
                  | potential expressed]
   183 | D        | Found a radiant altar of Vehumet.
   183 | D        | Found a shimmering blue altar of Sif Muna.
   183 | D        | Found an ancient bone altar of Kikubaaqudgha.
   185 | D        | Noticed a soul eater
   189 | D        | Noticed a soul eater
   190 | D        | Slain by a soul eater

Illustrated notes

Levels and vault maps discovered:
D:        dungeon_sprint_mu [sprint_mu_entry_cave, sprint_mu_temple_rooms,
          sprint_mu_d1_horrors, sprint_mu_d2_genie, sprint_mu_d3_branching,
          sprint_mu_orc_legion, sprint_mu_elf_gauntlet, sprint_mu_hive_nellie,
          sprint_mu_lair_fedhas, sprint_mu_vaults_butterflies,
          sprint_mu_slime_circle, sprint_mu_shoals_archi,
          sprint_mu_snake_twists, sprint_mu_blade_basic,
          sprint_mu_crypt_chambers, sprint_mu_tomb_spiral,
          sprint_mu_vestibule_basic, sprint_mu_gehenna_hellfire,
          sprint_mu_dis_giant, sprint_mu_tartarus_statrot,
          sprint_mu_cocytus_islands, sprint_mu_zot1]

Skill      XL: |  1  2  3  4  5 |
---------------+----------------+-----
Fighting       | 3 4 5 6 |  6.1
Dodging        | 3 4 5 6 |  6.0
Unarmed Combat | 4 6 7 |  7.3

Action                     |  1- 3 |  4- 6 || total
---------------------------+-------+-------++-------
  Melee: Unarmed           |    20 |    15 ||    35
 Invoke: Berserk           |     1 |     1 ||     2
    Use: Potion            |     1 |       ||     1
   Stab: Sleeping          |     1 |       ||     1
 Armour: Animal skin       |     8 |    11 ||    19
  Dodge: Dodged            |     6 |     4 ||    10

Table legend: (Time is in decaauts)
 A = Elapsed time spent in this place.
 B = Non-inter-level travel time spent in this place.
 C = Inter-level travel time spent in this place.
 D = Time resting spent in this place.
 E = Time spent auto-exploring this place.
 F = Levels seen in this place.
 G = Mean time per level.
                   A        B        C        D        E       F      G
               +--------+--------+--------+--------+--------+-----+--------+
         Total |    201 |    201 |      0 |     45 |     40 |   1 |  201.0 |
       Dungeon |    201 |    201 |      0 |     45 |     40 |   1 |  201.0 |
               +--------+--------+--------+--------+--------+-----+--------+

Top non-repeatable levels by time:
       D: 201 daAuts
